 Dungeon Crawl Stone Soup version 0.31-a0-271-gb88eb75e06 (webtiles) character file.

Game seed: 2578616633505598561

228 porpoise the Skirmisher (level 6, -6/38 HPs)
             Began as a Kobold Hunter on July 15, 2023.
             Mangled by Edmund
             ... wielding a +0 dire flail of holy wrath
              (10 damage)
             ... on level 4 of the Dungeon.
             The game lasted 00:10:10 (3332 turns).

porpoise the Skirmisher (Kobold Hunter)             Turns: 3332, Time: 00:10:11

Health: -6/38      AC:  7    Str: 10    XL:     6   Next: 22%
Magic:  6/6        EV: 14    Int: 10    God:
Gold:   151        SH:  0    Dex: 19    Spells: 5/5 levels left

rFire   . . .        a - +1 shortbow
rCold   . . .        (shield currently unavailable)
rNeg    . . .        c - +0 leather armour
rPois   .            k - +2 helmet
rElec   .            u - +0 cloak
rCorr   .            (no gloves)
SInv    .            (no boots)
Will    .....        (no amulet)
Stlth   +++          (no ring)
HPRegen 0.26/turn    (no ring)
MPRegen 0.10/turn

%: no passive effects
@: no status effects
A: small, no large weapons, nightstalker 3
a: no special abilities


You were on level 4 of the Dungeon.
You visited 1 branch of the dungeon, and saw 4 of its levels.

You collected 191 gold pieces.
You spent 40 gold pieces at shops.

Inventory:

Hand Weapons
 a - a +1 shortbow (weapon)
Missiles
 h - a throwing net
 i - 7 poisoned darts
Armour
 c - a +0 leather armour (worn)
 k - a +2 helmet (worn)
 n - the +1 helmet of the Evil One {Harm rN+ MP+9}
   (You took it off Robin on level 3 of the Dungeon)

   rN:        It protects you from negative energy.
   MP:        It affects your magic capacity (+9).
   Harm:      It increases damage dealt and taken.
 u - a +0 cloak (worn)
Talismans
 d - a blade talisman
 q - a blade talisman
Wands
 e - a wand of iceblast (10)
Scrolls
 b - a scroll of butterflies
 g - 2 scrolls of immolation
 l - a scroll of fear {unknown}
 m - a scroll of enchant weapon
 t - a scroll of blinking {unknown}
Potions
 f - 2 potions of resistance
 j - a potion of heal wounds
 o - 2 potions of mutation
 p - a potion of brilliance {unknown}
 r - a potion of invisibility {unknown}
 s - 2 potions of haste
 v - a potion of degeneration {unknown}
 w - a potion of enlightenment {unknown}


   Skills:
 + Level 4.2 Fighting
 * Level 8.2 Ranged Weapons
 - Level 2.4 Dodging
 - Level 1.3 Stealth


You had 5 spell levels left.
You didn't know any spells.
Your spell library contained the following spells:

 Spells                   Type           Power      Damage    Failure   Level
 Ensorcelled Hibernation  Hex/Ice        0%         N/A       61%         2
 Passwall                 Tmut/Erth      0%         N/A       61%         2
 Swiftness                Air            0%         N/A       83%         3


Dungeon Overview and Level Annotations

Branches:
Dungeon (4/15)
 Temple: D:4-7

Altars:

Shops:
D:1 (?

Annotations:
D:4 Edmund


Innate Abilities, Weirdness & Mutations

You are small and have problems with some larger weapons.
You are completely attuned to the shadows.


Message History

There is an open door here.
Found a stone staircase leading down.
An endoplasm comes into view.
You shoot an arrow. The endoplasm quivers.
The arrow hits the endoplasm but does no damage.
You shoot an arrow. The arrow hits the endoplasm.
You kill the endoplasm!
No target in view!
There is a stone staircase leading down here.
w - a puce potion You open the door.
Edmund the Younger comes into view.
He is wielding a +0 dire flail of holy wrath.
There is an open door here.
You shoot an arrow.
The arrow hits Edmund but does no damage.
You shoot an arrow. The arrow closely misses Edmund.
You shoot an arrow.
The arrow hits Edmund but does no damage.
You shoot an arrow. The arrow hits Edmund.
Edmund is lightly wounded.
Edmund hits you with a +0 dire flail of holy wrath!
You shoot an arrow. The arrow hits Edmund.
Edmund is lightly wounded.
Edmund misses you. Edmund barely misses you.
You shoot an arrow. The arrow hits Edmund.
Edmund is moderately wounded.
Edmund barely misses you.
You shoot an arrow. The arrow closely misses Edmund.
Edmund misses you.
You shoot an arrow. The arrow hits Edmund!
Edmund is heavily wounded.
Edmund hits you with a +0 dire flail of holy wrath!
You are too injured to fight recklessly!
You are too injured to fight recklessly!
You shoot an arrow. The arrow barely misses Edmund.
Edmund hits you with a +0 dire flail of holy wrath!
* * * LOW HITPOINT WARNING * * *
You shoot an arrow. The arrow barely misses Edmund.
Edmund hits you with a +0 dire flail of holy wrath!
You die...

....##########.#.#
.............).#.#
.....###########.#
.....# #.# .....#
#.# .....# #.#
.....# #.# #.# #@#
#..@.... #.....##
#.....# #.....#


You could see Edmund.

Vanquished Creatures
  Ijyb (D:3)
  Robin (D:3)
  8 adders
  4 worms
  4 dart slugs
  13 endoplasms
  7 giant cockroaches
  8 hobgoblins
  5 jackals
  5 quokkas
  10 ball pythons
  4 bats
  3 frilled lizards
  14 goblins
  5 kobolds
  4 rats
96 creatures vanquished.

Notes
Turn   | Place    | Note
-------+----------+-------------------------------------------
     0 | D:1      | porpoise the Kobold Hunter began the quest for the Orb.
     0 | D:1      | Reached XP level 1. HP: 12/12 MP: 1/1
    59 | D:1      | Reached XP level 2. HP: 18/18 MP: 2/2
   193 | D:1      | Found Xasibluf's Magic Scroll Emporium.
   305 | D:1      | Found Diovo's Weapon Shoppe.
   379 | D:1      | Reached skill level 6 in Ranged Weapons
   380 | D:1      | Reached XP level 3. HP: 22/22 MP: 3/3
   760 | D:1      | Bought a scroll of identify for 20 gold pieces
   760 | D:1      | Bought a scroll of identify for 20 gold pieces
   993 | D:2      | Reached XP level 4. HP: 28/28 MP: 4/4
  1669 | D:2      | Reached skill level 7 in Ranged Weapons
  1958 | D:3      | Identified the +1 helmet of the Evil One {Harm rN+ MP+9}
  1958 | D:3      | Noticed Robin
  1967 | D:3      | Killed Robin
  1968 | D:3      | Reached XP level 5. HP: 12/32 MP: 5/5
  2150 | D:3      | Noticed Ijyb
  2175 | D:3      | Killed Ijyb
  2840 | D:3      | Reached XP level 6. HP: 38/38 MP: 6/6
  2866 | D:3      | Reached skill level 8 in Ranged Weapons
  3322 | D:4      | Noticed Edmund
  3332 | D:4      | Mangled by Edmund

Illustrated notes

Levels and vault maps discovered:
D:1:      psy_arrival_fountain, layout_basic, serial_shops,
          nicolae_shop_hallway_stairs, nicolae_shop_bloodbath_and_beyond,
          minmay_octomino_e4
D:2:      layout_loops_cross, serial_forest, infiniplex_forest_clump_long,
          infiniplex_forest_end_2, infiniplex_forest_end_1,
          infiniplex_forest_straight_2, infiniplex_forest_lined_2,
          infiniplex_forest_clump_C, infiniplex_forest_straight_2,
          infiniplex_forest_clump_double, infiniplex_forest_clump_small,
          minmay_misc_feat_room, nicolae_half_adder
D:3:      minmay_chambers_of_twos, layout_basic, hex_large,
          chequers_serial_rivers_small_b, uniq_robin, uniq_ijyb
D:4:      layout_basic, dk_vineyard_2, uniq_sigmund, uniq_eustachio, uniq_edmund

Skill      XL: |  1  2  3  4  5  6 |
---------------+-------------------+-----
Ranged Weapons | 6 7 8 |  8.2
Fighting       | 3 4 |  4.2
Dodging        | |  2.4
Stealth        | |  1.3

Action                     |  1- 3 |  4- 6 || total
---------------------------+-------+-------++-------
  Melee: Unarmed           |       |    14 ||    14
   Fire: Shortbow          |    87 |   267 ||   354
    Use: Scroll            |     2 |     6 ||     8
 Armour: Leather armour    |     8 |    43 ||    51
  Dodge: Dodged            |    28 |   115 ||   143

Table legend: (Time is in decaauts)
 A = Elapsed time spent in this place.
 B = Non-inter-level travel time spent in this place.
 C = Inter-level travel time spent in this place.
 D = Time resting spent in this place.
 E = Time spent auto-exploring this place.
 F = Levels seen in this place.
 G = Mean time per level.
                   A        B        C        D        E       F      G
               +--------+--------+--------+--------+--------+-----+--------+
         Total |   3365 |   3263 |    102 |    146 |   2526 |   4 |  841.2 |
       Dungeon |   3365 |   3263 |    102 |    146 |   2526 |   4 |  841.2 |
               +--------+--------+--------+--------+--------+-----+--------+

Top non-repeatable levels by time:
     D:3: 1185 daAuts
     D:2: 1095 daAuts
     D:1: 842 daAuts
     D:4: 241 daAuts
